 Dungeon Sprint DCSS version 0.30-a0-121-gb27577e5d9 (webtiles) character file.

Game seed: 11564592541047009845

28 fingers the Ducker (level 2, 0/23 HPs)
             Began as a Vampire Gladiator on Sept 14, 2022.
             Slain by a human (2 damage)
             ... in the Dungeon (Sprint III: "The Ten Rune Challenge").
             The game lasted 00:00:23 (243 turns).

fingers the Ducker (Vampire Gladiator)               Turns: 243, Time: 00:00:23

Health: 0/23       AC:  4    Str: 13    XL:     2   Next: 96%
Magic:  2/2        EV: 13    Int: 10    God:
Gold:   9          SH:  0    Dex: 15    Spells: 1/1 levels left

rFire   . . .      SeeInvis +    a - +0 long sword
rCold   . . .      Faith    .    (no shield)
rNeg    . . .      Spirit   .    b - +0 leather armour
rPois   .          Reflect  .    c - +0 helmet
rElec   .          Harm     .    (no cloak)
rCorr   .          Rampage  .    (no gloves)
Will    .....      NoTele   +    (no boots)
Stlth   +.........               (no amulet)
HPRegen 0.27/turn                (no ring)
MPRegen 0.08/turn                (no ring)

@: healing quickly
A: alive, fangs 3, see invisible, vampiric 1
a: Exsanguinate


You were in the Dungeon.
You visited 1 branch You collected 9 gold pieces.

Inventory:

Hand Weapons
 a - a +0 long sword (weapon)
Missiles
 d - 3 throwing nets (quivered)
Armour
 b - a +0 leather armour (worn)
 c - a +0 helmet (worn)
Scrolls
 k - a scroll of blinking
 l - a scroll of poison {unknown}
Potions
 f - a potion of curing
 g - a potion of heal wounds
 h - a potion of haste
 i - 3 potions of magic
 j - a potion of berserk rage


   Skills:
 + Level 2.4 Fighting
 + Level 4.6 Long Blades
 + Level 2.1 Throwing
 + Level 0.3 Armour
 + Level 5.2 Dodging


You had one spell level left.
You didn't know any spells.
Your spell library was empty.

Dungeon Overview and Level Annotations

Branches:
Dungeon (1/1)

Altars:


Innate Abilities, Weirdness & Mutations

Your natural rate of healing is accelerated.
You have razor-sharp teeth.
You have supernaturally acute eyesight. (SInv)
You are afflicted with vampirism.


Message History

The human hits you.
You closely miss the human.
The human is moderately wounded.
The human barely misses you.
You completely miss the human.
The human is moderately wounded.
The human barely misses you.
You hit the human.
The human is moderately wounded.
The human hits you.
You slash the human! Your bite misses the human.
The human is severely wounded.
The human barely misses you.
You barely miss the human.
The human is severely wounded.
The human hits you.
You hit the human.
The human is severely wounded.
The human closely misses you. The human hits you.
You barely miss the human.
The human is severely wounded.
The human closely misses you.
You barely miss the human.
The human is severely wounded.
The human barely misses you.
You barely miss the human. You bite the human, but do no damage.
The human is severely wounded.
The human misses you.
You closely miss the human.
The human is severely wounded.
The human barely misses you.
You closely miss the human.
The human is severely wounded.
The human hits you!
* * * LOW HITPOINT WARNING * * *
The human misses you.
You hit the human.
The human is severely wounded.
The human hits you.
You die...

▓.....#
▓.....#...~~♣♣♣...#
▓.....#..~~~~..♣..+
▓####'#..~≈≈~~~...#
▓..)..#.~~≈~~~....#
▓.....#.~≈~~~...(.#
▓.....#.~~~.......#
▓'#####...........#
▓..........@p.....#
▓▓▓▓▓▓▓▓▓▓▓▓▓▓▓▓▓▓▓


You could see a human.

Vanquished Creatures
  Jessica (D)
  An endoplasm (D)
  A rat (D)
3 creatures vanquished.

Notes
Turn   | Place    | Note
-------+----------+-------------------------------------------
     0 | D        | fingers the Vampire Gladiator began the quest for the Orb.
     0 | D        | Reached XP level 1. HP: 16/16 MP: 1/1
    24 | D        | Noticed Jessica
    34 | D        | Killed Jessica
    35 | D        | Reached skill level 5 in Dodging
    35 | D        | Reached XP level 2. HP: 13/23 MP: 2/2
   243 | D        | Slain by a human

Illustrated notes

Levels and vault maps discovered:
D:        dungeon_sprint_mu [sprint_mu_entry_forest, sprint_mu_temple_rooms,
          sprint_mu_d1_horrors, sprint_mu_d2_genie, sprint_mu_d3_branching,
          sprint_mu_orc_legion, sprint_mu_elf_gauntlet, sprint_mu_hive_nellie,
          sprint_mu_lair_fedhas, sprint_mu_vaults_butterflies,
          sprint_mu_slime_circle, sprint_mu_swamp_cave, sprint_mu_snake_twists,
          sprint_mu_blade_basic, sprint_mu_crypt_chambers,
          sprint_mu_tomb_spiral, sprint_mu_vestibule_basic,
          sprint_mu_gehenna_hellfire, sprint_mu_dis_giant,
          sprint_mu_tartarus_statrot, sprint_mu_cocytus_islands, sprint_mu_zot1]

Skill      XL: |  1 |
---------------+----+-----
Fighting       | 2 |  2.4
Long Blades    | 4 |  4.6
Throwing       | 2 |  2.1
Dodging        | 5 |  5.2
Armour         | |  0.3

Action                   || total
-------------------------++-------
Melee: Long sword        ||    23
       Bite              ||     2
Throw: Javelin           ||     1
Armor: Leather armour    ||     1
Dodge: Dodged            ||    17

Table legend: (Time is in decaauts)
 A = Elapsed time spent in this place.
 B = Non-inter-level travel time spent in this place.
 C = Inter-level travel time spent in this place.
 D = Time resting spent in this place.
 E = Time spent auto-exploring this place.
 F = Levels seen in this place.
 G = Mean time per level.
                   A        B        C        D        E       F      G
               +--------+--------+--------+--------+--------+-----+--------+
         Total |    248 |    248 |      0 |    181 |      0 |   1 |  248.0 |
       Dungeon |    248 |    248 |      0 |    181 |      0 |   1 |  248.0 |
               +--------+--------+--------+--------+--------+-----+--------+

Top non-repeatable levels by time:
       D: 248 daAuts
